 Dungeon Crawl Stone Soup version 0.28.0-43-g3370ac3207 (webtiles) character file.

Game seed: 12057461521804527131

47 Arcadio the Shooter (level 3, -4/23 HPs)
             Began as a Kobold Hunter on Mar 3, 2022.
             Slain by a gnoll
             ... wielding a +0 club
              (8 damage)
             ... on level 1 of the Dungeon.
             The game lasted 00:04:00 (2455 turns).

Arcadio the Shooter (Kobold Hunter)                 Turns: 2455, Time: 00:04:01

Health: -4/23      AC:  3    Str:  9    XL:     3   Next: 97%
Magic:  3/3        EV: 15    Int: 12    God:
Gold:   60         SH:  0    Dex: 17    Spells: 2/2 levels left

rFire   . . .      SeeInvis +   b - +0 short sword
rCold   . . .      Faith    .   (no shield)
rNeg    . . .      Spirit   .   c - +0 leather armour
rPois   .          Reflect  .   (no helmet)
rElec   .          Harm     .   (no cloak)
rCorr   .          Rampage  .   (no gloves)
Will    .....                   (no boots)
Stlth   +++.......              (no amulet)
HPRegen 0.07/turn               j - ring of see invisible
MPRegen 0.08/turn               (no ring)

@: no status effects
A: small, no large weapons, nightstalker 3
a: no special abilities


You were on level 1 of the Dungeon.
You visited 1 branch of the dungeon, and saw 2 of its levels.

You collected 60 gold pieces.

Inventory:

Hand Weapons
 a - a +1 shortbow
 b - a +0 short sword (weapon)
Missiles
 d - 42 arrows
Armour
 c - a +0 leather armour (worn)
Jewellery
 j - a ring of see invisible (left hand)
Scrolls
 g - a scroll of fog {unknown}
Potions
 e - a potion of attraction {unknown}
 f - a potion of might {unknown}
 h - a potion of mutation {unknown}
 i - a potion of cancellation {unknown}


   Skills:
 + Level 3.0 Fighting
 + Level 4.4 Bows
 + Level 3.4 Dodging
 - Level 1.3 Stealth


You had 2 spell levels left.
You didn't know any spells.
Your spell library was empty.

Dungeon Overview and Level Annotations

Branches:
Dungeon (2/15)

Altars:
Hepliaklqana

Shops:
D:1 [*?


Innate Abilities, Weirdness & Mutations

You are small and have problems with some larger weapons.
You are completely attuned to the shadows.


Message History

The gnoll completely misses you.
The gnoll hits you from afar with a +0 halberd.
You hit the gnoll but do no damage.
The gnoll is heavily wounded.
The gnoll hits you with a +0 club. The gnoll closely misses you.
The gnoll hits you with a +0 club.
You hit the gnoll but do no damage.
The gnoll is heavily wounded.
The gnoll barely misses you. The gnoll misses you.
There is a stone staircase leading up here.
The gnoll hits you with a +0 club!
* * * LOW HITPOINT WARNING * * *
The gnoll misses you.
You climb upwards.
There is a stone staircase leading down here.
There is an open door here.
There is an open door here.
You see here 24 bolts.
There is an open door here.
There is an open door here.
You see here 24 bolts.
There is an open door here.
There is an open door here.
You see here 24 bolts.
You hit the gnoll but do no damage. The gnoll hits you but does no damage.
You hit the gnoll but do no damage. The gnoll hits you with a +0 club.
You hit the gnoll.
The gnoll is moderately wounded.
The gnoll barely misses you.
You hit the gnoll.
The gnoll is severely wounded.
The gnoll closely misses you.
You hit the gnoll.
The gnoll is almost dead.
The gnoll hits you with a +0 club.
* * * LOW HITPOINT WARNING * * *
You hit the gnoll but do no damage.
The gnoll is almost dead.
The gnoll hits you with a +0 club!
You die...

....###.###.#...####.........####
.##.# #.........# ##.......## #
###.# #####.##### ##.....## #.#
#.# ##...## #.# #.# ##'## #.# #.#
###.# #.# #.# ###.#(##### #.#
#.########.........# #.#
#.....@g........##.# #.#
########.#.......#.# ###.#
#.#.........# ....#
#.#.........#### #####
#.#.........>... #.#.##...##)####
#........##.# ###.........#
###########


You could see a gnoll.

Vanquished Creatures
  2 adders (D:2)
  A worm (D:2)
  A dart slug (D:1)
  An endoplasm (D:1)
  A giant cockroach (D:1)
  3 goblins (D:1)
  4 hobgoblins
  3 kobolds
  A quokka (D:2)
  A ball python (D:2)
  A bat (D:1)
  4 frilled lizards
  3 rats (D:2)
26 creatures vanquished.

Notes
Turn   | Place    | Note
-------+----------+-------------------------------------------
     0 | D:1      | Arcadio the Kobold Hunter began the quest for the Orb.
     0 | D:1      | Reached XP level 1. HP: 12/12 MP: 1/1
    19 | D:1      | Noticed an electric eel
   403 | D:1      | Found Goylois's Antique Armour Boutique.
   421 | D:1      | Found Ficwycs's General Store.
   429 | D:1      | Reached XP level 2. HP: 14/18 MP: 2/2
   536 | D:1      | Found Jiefuguwk's Magic Scroll Emporium.
  1398 | D:2      | Reached XP level 3. HP: 22/22 MP: 3/3
  1447 | D:2      | Found a hazy altar of Hepliaklqana.
  2336 | D:2      | HP: 1/23 [gnoll/+0 club (8)]
  2455 | D:1      | Slain by a gnoll

Illustrated notes

Levels and vault maps discovered:
D:1:      arrival_aquarium_a, layout_loops_corners, serial_shops,
          nicolae_shop_overgrown_old_shop, shop, shop
D:2:      minmay_razor_zed, layout_basic, hellmonk_ecumenical_altar_lost_god,
          basic_altar, serial_shops, shop

Skill      XL: |  1  2  3 |
---------------+----------+-----
Dodging        | 3 |  3.4
Fighting       | 3 |  3.0
Bows           | |  4.4
Stealth        | |  1.3

Action                   || total
-------------------------++-------
Melee: Short sword       ||   106
       Punch             ||     2
 Fire: Shortbow          ||     6
 Stab: Sleeping          ||     6
Armor: Leather armour    ||    21
Dodge: Dodged            ||    75
